 Dungeon Crawl Stone Soup version 0.20.1-1-g8b1a95d (webtiles) character file.

197306 manyhoops the Stormcaller (level 17, -17/138 HPs)
             Began as a Demigod Air Elementalist on Aug 27, 2017.
             Demolished by a tentacle (22 damage)
             ... attached to a kraken
             ... on level 1 of the Shoals on Aug 28, 2017.
             The game lasted 01:30:39 (39450 turns).

manyhoops the Stormcaller (DgAE)                   Turns: 39450, Time: 01:30:40

Health: -17/138    AC: 16    Str:  8 (11) XL:     17   Next: 55%
Magic:  4/38       EV: 13    Int: 31 (32) God:
Gold:   1034       SH:  6    Dex: 18 (19) Spells: 5/39 levels left

rFire    + + .     SeeInvis .   E - +8 scimitar of the Heavens {freeze, rElec}
rCold    + . .     Gourm    .   t - +1 buckler {reflect}
rNeg     . . .     Faith    .   S - +2 ring mail {rC+}
rPois    .         Spirit   .   a - +2 hat of Inaction {*Slow rF++ Dex+3}
rElec    +         Reflect  +   T - scarf {cloud immunity}
rCorr    .         Harm     .   O - +0 pair of gloves
MR       ++...                  V - +2 pair of boots {Fly}
Stlth    +.........             f - amulet of magic regeneration
Regen    0.4/turn               F - +3 ring of intelligence
MPRegen  0.4/turn               c - ring of protection from magic

@: flying
A: beak, molten scales 1, high mp 1
a: Stop Flying


You were on level 1 of the Shoals.
You were full.

You visited 5 branches of the dungeon, and saw 25 of its levels.
You also visited: Sewer and Bailey.

You collected 2376 gold pieces.
You spent 1342 gold pieces at shops.

Inventory:

Hand Weapons
 E - the +8 scimitar of the Heavens (weapon) {freeze, rElec}
   (You bought it in a shop on level 2 of the Orcish Mines)

   It has been specially enchanted to freeze those struck by it, causing extra
   injury to most foes and up to half again as much damage against particularly
   susceptible opponents.
   It can also slow down cold-blooded creatures.
   It insulates you from electricity.
 R - the +9 scimitar of the Badger {slice, Dex+4}
   (You bought it in a shop on level 2 of the Orcish Mines)

   It inflicts extra damage upon your enemies.
   It affects your dexterity (+4).
Missiles
 U - 4 throwing nets (quivered)
Armour
 a - the +2 hat of Inaction (worn) {*Slow rF++ Dex+3}
   (You acquired it on level 1 of the Lair of Beasts)

   It affects your dexterity (+3).
   It greatly protects you from fire.
   It may slow you when you take damage.
 n - a +1 cloak
 o - +0 steam dragon scales
 t - a +1 buckler of reflection (worn)
 C - the +1 ring mail "Luqiz" {rF+ SInv}
   (You found it on level 6 of the Dungeon)

   It protects you from fire.
   It lets you see invisible.
 O - a +0 pair of gloves (worn)
 S - a +2 ring mail of cold resistance (worn)
 T - a scarf of cloud immunity (worn)
 V - a +2 pair of boots of flying (worn)
Jewellery
 c - a ring of protection from magic (right hand)
 f - an amulet of magic regeneration (around neck)
 h - an uncursed ring of positive energy
 i - a +3 ring of intelligence
 F - a +3 ring of intelligence (left hand)
 J - an uncursed ring of ice
 Q - an uncursed ring of protection from fire
Wands
 u - a wand of iceblast (9/15)
 Z - a wand of digging (15/24)
Scrolls
 e - 4 scrolls of immolation
 j - 10 scrolls of teleportation
 m - 12 scrolls of remove curse
 p - 3 scrolls of fog
 q - 2 scrolls of enchant armour
 x - a scroll of identify
 y - 2 scrolls of magic mapping
 B - 3 scrolls of noise
 D - 5 scrolls of amnesia
 K - 3 scrolls of enchant weapon
 M - 5 scrolls of fear
 N - 2 scrolls of vulnerability
 Y - 2 scrolls of recharging
Potions
 b - a potion of invisibility
 k - 7 potions of cancellation
 l - 4 potions of brilliance
 r - 12 potions of curing
 s - 7 potions of mutation
 w - 2 potions of heal wounds
 z - a potion of magic
 A - 2 potions of resistance
 L - 2 potions of might
 P - 2 potions of haste
 W - 2 potions of agility
 X - 3 potions of lignification
Books
 g - a book of Clouds

   Spells                             Type                      Level
   a - Poisonous Vapours              Poison/Air                   2
   b - Mephitic Cloud                 Conjuration/Poison/Air       3
   c - Conjure Flame                  Conjuration/Fire             3
   d - Freezing Cloud                 Conjuration/Ice/Air          6
   e - Ring of Flames                 Charms/Fire                  7
 v - a book of Ice

   Spells                             Type                      Level
   a - Ice Form                       Ice/Transmutation            4
   b - Metabolic Englaciation         Hexes/Ice                    5
   c - Ozocubu's Refrigeration        Ice                          6
   d - Bolt of Cold                   Conjuration/Ice              6
   e - Freezing Cloud                 Conjuration/Ice/Air          6
   f - Simulacrum                     Ice/Necromancy               6
 H - a book of the Tempests

   Spells                             Type                      Level
   a - Static Discharge               Conjuration/Air              3
   b - Lightning Bolt                 Conjuration/Air              5
   c - Ignition                       Fire                         8
   d - Tornado                        Air                          9
   e - Shatter                        Earth                        9
 I - a book of Necromancy

   Spells                             Type                      Level
   a - Pain                           Necromancy                   1
   b - Animate Skeleton               Necromancy                   1
   c - Vampiric Draining              Necromancy                   3
   d - Regeneration                   Charms/Necromancy            3
   e - Animate Dead                   Necromancy                   4
   f - Control Undead                 Necromancy                   4
Comestibles
 d - 8 meat rations


   Skills:
 - Level 9.5 Fighting
 - Level 4.0 Long Blades
 - Level 3.3 Armour
 - Level 5.4 Dodging
 - Level 1.7 Stealth
 - Level 4.4 Shields
 + Level 11.9 Spellcasting
 - Level 13.0 Conjurations
 - Level 12.5 Ice Magic
 - Level 15.3 Air Magic


You had 5 spell levels left.
You knew the following spells:

 Your Spells              Type           Power        Failure   Level  Hunger
a - Shock                 Conj/Air       ####         1%          1    None
b - Swiftness             Chrm/Air       ######..     1%          2    None
c - Static Discharge      Conj/Air       #######.     1%          3    None
d - Airstrike             Air            #######...   1%          4    None
e - Lightning Bolt        Conj/Air       #######...   1%          5    ##.....
f - Passwall              Tmut/Erth      ###.......   12%         2    None
g - Shroud of Golubria    Chrm/Tloc      ###.......   12%         2    None
h - Regeneration          Chrm/Necr      ###.......   24%         3    None
i - Freezing Cloud        Conj/Ice/Air   #######...   4%          6    ####...
j - Bolt of Cold          Conj/Ice       #######...   6%          6    ####...


Dungeon Overview and Level Annotations

Branches:
Dungeon (15/15)            Temple (0/1) D:7            Lair (6/6) D:9
 Shoals (1/4) Lair:4       Spider (1/4) Lair:3        Slime (0/5) Lair:6
    Orc (2/2) D:9             Elf (0/3) Orc:2        Vaults (0/5) D:14
 Depths (0/5) D:15

Shops:
D:12 :   Orc:2 *%:(

Portals:
Pandemonium: Orc:2
Trove: D:15 (give horn of Geryon)

Annotations:
Lair:6 1 runed door


Innate Abilities, Weirdness & Mutations

You have an increased reservoir of magic. (+10% MP)
You have a beak for a mouth.
You are partially covered in molten scales. (AC +2)


Message History

Unknown command.
Unknown command.
Casting: Lightning Bolt
Confirm with . or Enter, or press ? or * to list all spells.
Aiming: Lightning Bolt
Press: ? - help, Shift-Dir - straight line, f/p - kraken
Aim: a kraken (ink, water, severely wounded, slow)
You hear a mighty clap of thunder!
The bolt of lightning hits the kraken.
The kraken is almost dead.
The tentacle slaps you. You block the tentacle's attack.
The tentacle slaps you!
* * * LOW HITPOINT WARNING * * *
The tentacle slaps you!
* * * LOW HITPOINT WARNING * * *
You block the kraken's attack. The tentacle barely misses you. x2
The tentacle slaps you!
* * * LOW HITPOINT WARNING * * *
The tentacle slaps you!!
You die...

≈≈≈≈≈≈.
..≈≈≈≈≈≈≈≈≈≈≈≈≈≈≈≈≈≈≈..≈≈
≈≈≈≈≈≈
≈≈≈≈≈≈≈≈≈≈≈≈≈≈≈≈≈≈≈≈≈≈.##.
≈≈≈≈≈≈≈≈≈≈≈≈≈≈≈≈≈≈≈≈≈≈≈..##
≈≈≈≈≈≈≈≈≈≈≈≈≈≈≈≈≈≈≈≈≈...
≈≈≈≈≈≈≈≈≈≈≈≈≈≈≈≈≈≈≈≈≈≈≈≈
≈≈≈≈≈≈≈≈≈≈≈≈≈≈≈≈...≈≈≈≈≈
≈≈≈≈≈§§§§§≈≈≈≈≈≈≈..≈≈≈≈≈
≈≈≈≈§§w§w≈≈≈≈≈≈≈≈≈.≈≈≈≈≈
≈≈≈§§§X@§§≈≈≈≈≈≈≈≈≈≈≈≈≈≈
≈≈≈§§§ww§§≈≈≈≈≈≈≈≈≈≈≈≈≈≈
≈≈≈§§§§§§§≈≈≈≈≈≈≈≈≈≈≈≈≈≈
≈≈≈≈≈≈≈≈≈≈≈≈≈≈≈≈≈≈≈≈≈≈≈≈
≈≈≈≈≈≈≈≈≈≈≈≈≈≈≈≈≈≈≈≈≈≈≈≈
########################


You could see a kraken and 4 tentacles.

Vanquished Creatures
  2 orc warlords
  A ghost moth (Lair:3)
  Nessos (D:15)
  The ghost of Fingolfin the Thaumaturge, a journeyman NaWz of Sif Muna (D:10)
  An ettin (D:15)
  An ogre mage (D:15)
  Josephine (Lair:5)
  Fannar (D:10)
  An ice dragon (D:12)
  10 hydras
  4 vault guards (D:14)
  2 centaur warriors
  7 two-headed ogres
  3 catoblepae
  18 death yaks
  The ghost of p0werm0de the Fighter, a novice DsBe of Trog (D:9)
  8 orc high priests (Orc:2)
  3 tengu warriors
  A sun demon (Orc:2)
  2 slime creatures (D:12)
  3 skeletal warriors (D:13)
  A deep troll (D:15)
  A gelid demonspawn (Orc:2)
  2 unseen horrors (D:15)
  3 wizards (D:14)
  A deep elf archer (D:15)
  Pikel (D:4)
  8 orc knights
  The ghost of adept the Reanimator, a novice DDNe of Makhleb (D:7)
  3 necromancers
  3 harpies (D:14)
  3 oklob plants (Lair:5)
  4 orc sorcerers (Orc:2)
  2 fauns (Shoals:1)
  A deep elf mage (D:14)
  4 cyclopes
  A moth of wrath (Spider:1)
  A wolf spider (Spider:1)
  14 ugly things
  6 manticores
  4 elephants (Lair:6)
  A black mamba (Lair:6)
  Psyche (D:9)
  A water nymph (Shoals:1)
  An orange demon (Orc:2)
  2 merfolk sirens (Shoals:1)
  13 spiny frogs
  2 gargoyles
  2 kobold demonologists
  4 centaur skeletons
  9 rime drakes
  An ice devil (Orc:2)
  5 yaktaurs (D:15)
  An efreet (D:15)
  5 komodo dragons
  2 demonic crawlers (Lair:3)
  A jumping spider (Spider:1)
  A tengu conjurer (D:14)
  7 trolls
  2 polar bears
  3 merfolk (Shoals:1)
  3 wind drakes (Shoals:1)
  3 hornets
  A wind drake (shapeshifter) (D:14)
  9 dream sheep
  2 snapping turtles (Shoals:1)
  17 hippogriffs
  A raiju (shapeshifter) (D:15)
  2 meliai zombies
  12 blink frogs
  3 wraiths
  A shadow (D:15)
  15 redbacks
  A tarantella (shapeshifter) (D:14)
  3 tarantellas (Spider:1)
  9 wyverns
  Eustachio (D:5)
  9 yaks
  A ynoxinul (Orc:2)
  18 humans
  A chaos spawn (Orc:2)
  4 vampire mosquitoes (D:14)
  9 basilisks
  A steam dragon (D:9)
  6 hungry ghosts
  Edmund (D:3)
  2 hell hounds (Lair:5)
  A soldier ant (D:13)
  3 acid dragons
  10 water moccasins
  10 porcupines
  Purgy (Sewer)
  7 ice beasts
  2 slaves (D:4)
  4 sky beasts
  An eye of draining (D:14)
  49 orc warriors
  2 phantoms
  A hornet zombie (D:8)
  A necrophage (D:12)
  10 wolves
  20 ogres
  17 centaurs
  6 big kobolds
  9 crocodiles
  10 bullfrogs
  2 wyvern zombies
  A gnoll sergeant (D:11)
  A wyvern skeleton (D:8)
  10 scorpions
  19 killer bees
  5 wights (D:7)
  2 howler monkeys (D:9)
  2 electric eels (D:11)
  6 crimson imps
  3 centaur zombies
  3 bullfrog zombies
  A quasit (D:12)
  3 jellies
  39 orc priests
  5 hounds
  Crazy Yiuf (D:4)
  5 iguanas
  16 worker ants
  27 orc wizards
  6 yak simulacra (D:15)
  A polar bear simulacrum (D:15)
  4 wolf simulacra (D:15)
  A hound zombie (D:5)
  2 hound skeletons
  A worker ant zombie (D:5)
  30 gnolls
  21 adders
  5 shadow imps
  2 oozes
  An adder zombie (D:9)
  An adder skeleton (D:4)
  A worm (D:1)
  A dart slug (D:2)
  3 leopard geckos
  122 orcs
  5 ball pythons
  15 bats
  7 giant cockroaches
  23 goblins
  17 hobgoblins
  7 jackals
  20 kobolds
  3 quokkas
  6 frilled lizards
  A leopard gecko skeleton (D:6)
  A quokka zombie (D:7)
  14 rats
  4 fungi (D:11)
975 creatures vanquished.

Vanquished Creatures (others)
  2 centaur warriors
  A centaur (D:9)
  An orc (D:15)
  22 fungi
  17 plants
  A withered plant (D:14)
44 creatures vanquished.

Grand Total: 1019 creatures vanquished

Notes
Turn   | Place    | Note
-------+----------+-------------------------------------------
     0 | D:1      | manyhoops the Demigod Air Elementalist began the quest for the Orb.
     0 | D:1      | Reached XP level 1. HP: 14/14 MP: 5/5
   386 | D:2      | Reached skill level 1 in Conjurations
   386 | D:2      | Reached skill level 3 in Air Magic
   386 | D:2      | Reached XP level 2. HP: 13/20 MP: 0/7
   614 | D:2      | Learned a level 2 spell: Swiftness
   625 | D:2      | Reached XP level 3. HP: 26/26 MP: 0/9
  1225 | D:2      | Found a stormy altar of Qazlal.
  1225 | D:2      | Noticed an earth elemental
  1235 | D:2      | Noticed an air elemental
  1235 | D:2      | Noticed a water elemental
  1235 | D:2      | Noticed a fire elemental
  1512 | D:2      | Learned a level 3 spell: Static Discharge
  1529 | D:2      | Reached XP level 4. HP: 32/33 MP: 6/10
  2579 | D:3      | Noticed an ogre
  2739 | D:3      | Reached XP level 5. HP: 17/38 MP: 4/12
  2813 | D:3      | Killed an ogre
  2813 | D:3      | Reached skill level 4 in Air Magic
  3098 | D:3      | Gained mutation: You are partially covered in molten scales. (AC +2) [potion of mutation]
  3098 | D:3      | Gained mutation: You have a beak for a mouth. [potion of mutation]
  3237 | D:3      | Reached XP level 6. HP: 45/45 MP: 10/14
  3303 | D:4      | Noticed Edmund
  3584 | D:3      | Learned a level 4 spell: Airstrike
  3634 | D:3      | Killed Edmund
  3718 | D:4      | Found a runed door.
  4031 | D:4      | Reached XP level 7. HP: 45/50 MP: 10/16
  4161 | D:4      | Noticed Pikel
  4175 | D:4      | Killed Pikel
  4175 | D:4      | Reached skill level 5 in Conjurations
  4175 | D:4      | Reached skill level 5 in Air Magic
  4235 | D:4      | Found an opulent altar of Gozag.
  4424 | D:4      | Noticed Crazy Yiuf
  4427 | D:4      | Killed Crazy Yiuf
  4461 | D:5      | Entered Level 5 of the Dungeon
  4506 | D:5      | Reached skill level 5 in Spellcasting
  4506 | D:5      | Reached XP level 8. HP: 57/57 MP: 14/19
  4520 | D:5      | Noticed Eustachio
  4610 | D:5      | Killed Eustachio
  4610 | D:5      | Reached skill level 6 in Air Magic
  4810 | D:4      | Learned a level 5 spell: Lightning Bolt
  4968 | D:5      | Found a glowing drain.
  4979 | Sewer    | Entered a sewer
  5015 | Sewer    | Noticed Purgy
  5022 | Sewer    | Killed Purgy
  5412 | D:5      | Learned a level 2 spell: Passwall
  5432 | D:5      | Found a blossoming altar of Fedhas.
  5764 | D:6      | Got a bloodstained ring mail
  5780 | D:6      | Identified the cursed +1 ring mail "Luqiz" {rF+ SInv} (You found it on level 6 of the Dungeon)
  6270 | D:6      | Reached skill level 7 in Air Magic
  6689 | D:6      | Reached XP level 9. HP: 50/62 MP: 7/22
  7189 | D:7      | Found a staircase to the Ecumenical Temple.
  7319 | D:7      | Noticed adept's ghost (novice DDNe)
  7325 | D:7      | Killed adept's ghost
  7363 | D:7      | Reached skill level 8 in Air Magic
  7793 | D:7      | Found an iron altar of Okawaru.
  8316 | D:8      | Reached skill level 9 in Air Magic
  8316 | D:8      | Reached XP level 10. HP: 69/69 MP: 6/25
  9273 | D:8      | Noticed a three-headed hydra
  9281 | D:8      | Killed a three-headed hydra
  9281 | D:8      | Reached skill level 10 in Air Magic
  9491 | D:9      | Noticed a death yak
  9494 | D:9      | Noticed a death yak
  9494 | D:9      | Noticed a death yak
  9494 | D:9      | Noticed a death yak
  9770 | D:9      | Noticed Psyche
  9790 | D:9      | Killed Psyche
 10006 | D:9      | Found a staircase to the Lair.
 10044 | D:9      | Noticed p0werm0de's ghost (novice DsBe)
 10175 | D:9      | Noticed a death yak
 10605 | D:9      | Killed a death yak
 10788 | D:9      | Reached XP level 11. HP: 74/74 MP: 7/28
 10914 | D:9      | Found a staircase to the Orcish Mines.
 10931 | D:9      | Reached skill level 11 in Air Magic
 11414 | D:9      | Noticed a death yak
 11620 | Lair:1   | Entered Level 1 of the Lair of Beasts
 11846 | Lair:1   | Identified a scroll of acquirement
 11851 | Lair:1   | Got a pitted hat
 11857 | Lair:1   | Identified the +2 hat of Inaction {*Slow rF++ Dex+3} (You acquired it on level 1 of the Lair of Beasts)
 12544 | Lair:2   | Noticed a five-headed hydra
 12549 | Lair:2   | Killed a five-headed hydra
 13094 | Lair:2   | Got a crystal halberd
 13096 | Lair:2   | Identified the +8 halberd "Nuthym" {holy, rPois} (You found it on level 2 of the Lair of Beasts)
 13637 | Lair:3   | Reached skill level 10 in Conjurations
 14051 | Lair:3   | Found a hole to the Spider Nest.
 14145 | Lair:3   | Reached skill level 1 in Fighting
 14720 | Lair:4   | Noticed a four-headed hydra
 14854 | Lair:4   | Killed a four-headed hydra
 14943 | Lair:4   | Reached skill level 5 in Fighting
 14943 | Lair:4   | Reached XP level 12. HP: 94/94 MP: 9/29
 15344 | Lair:4   | Found a staircase to the Shoals.
 16299 | Lair:5   | Noticed Josephine
 16303 | Lair:5   | Killed Josephine
 16719 | Lair:5   | Got a twisted quick blade
 16720 | Lair:5   | Identified the +6 quick blade of Judgement {freeze, rN+ MP-9 Str+7} (You found it on level 5 of the Lair of Beasts)
 16917 | Lair:5   | Learned a level 2 spell: Shroud of Golubria
 16921 | Lair:5   | Learned a level 3 spell: Regeneration
 17093 | Lair:5   | Noticed a four-headed hydra
 17094 | Lair:5   | Killed a four-headed hydra
 17639 | Lair:4   | Reached skill level 12 in Air Magic
 18282 | Lair:5   | Reached XP level 13. HP: 96/111 MP: 19/30
 19391 | Lair:6   | Entered Level 6 of the Lair of Beasts
 19841 | Lair:6   | Reached skill level 10 in Spellcasting
 19996 | Lair:6   | Got a warped chain mail
 20013 | Lair:6   | Identified the +1 chain mail of Kindness {rN+ rCorr Int-2} (You found it on level 6 of the Lair of Beasts)
 20346 | Lair:6   | Reached skill level 13 in Air Magic
 20563 | Lair:6   | Found a runed door.
 20564 | Lair:6   | Found a viscous altar of Jiyva.
 20565 | Lair:6   | Noticed an acid blob
 20566 | Lair:6   | Found a staircase to the Slime Pits.
 20804 | D:10     | Entered Level 10 of the Dungeon
 20833 | D:10     | Noticed Fannar
 20841 | D:10     | Killed Fannar
 20843 | D:10     | Noticed Fingolfin's ghost (journeyman NaWz)
 20945 | D:9      | Killed p0werm0de's ghost
 21803 | D:10     | Killed Fingolfin's ghost
 23652 | D:11     | Reached skill level 14 in Air Magic
 23948 | D:12     | Found Ohey's Book Boutique.
 24639 | D:12     | Reached XP level 14. HP: 104/118 MP: 20/32
 24839 | D:12     | Identified the cursed +3 battleaxe of Makhleb's Hatred {freeze, SInv} (You found it on level 12 of the Dungeon)
 24872 | D:12     | Learned a level 6 spell: Freezing Cloud
 24988 | D:12     | Reached skill level 1 in Ice Magic
 25333 | D:13     | Reached skill level 5 in Ice Magic
 26811 | D:14     | Found a flagged portal.
 26826 | Bailey   | Entered a bailey
 27316 | Bailey   | Noticed an orc warlord
 27323 | Bailey   | Killed an orc warlord
 27705 | Bailey   | Reached XP level 15. HP: 125/125 MP: 33/33
 27706 | Bailey   | Reached skill level 5 in Dodging
 27706 | Bailey   | Reached XP level 16. HP: 132/132 MP: 35/35
 28629 | D:14     | Found a gate to the Vaults.
 29932 | D:14     | Reached skill level 1 in Shields
 30159 | D:15     | Entered Level 15 of the Dungeon
 30719 | D:15     | Learned a level 6 spell: Bolt of Cold
 31543 | D:14     | Reached skill level 1 in Armour
 31768 | D:15     | Reached XP level 17. HP: 113/138 MP: 20/37
 31827 | D:15     | Found a staircase to the Depths.
 31841 | D:15     | Noticed Nessos
 31847 | D:15     | Killed Nessos
 32273 | D:15     | Found a roughly hewn altar of Beogh.
 32289 | D:15     | Found a portal to a secret trove of treasure.
 32868 | Orc:1    | Entered Level 1 of the Orcish Mines
 32914 | Orc:2    | Entered Level 2 of the Orcish Mines
 33169 | Orc:2    | Found a staircase to the Elven Halls.
 33646 | Orc:2    | Found Gys Hali's Food Shop.
 33648 | Orc:2    | Found Vyudd's General Store.
 35181 | Orc:2    | Reached skill level 15 in Air Magic
 35697 | Orc:2    | Found Pyitaf's Book Emporium.
 35697 | Orc:2    | Found a one-way gate leading to the halls of Pandemonium.
 35697 | Orc:2    | Found Weujof's Antique Weapon Shoppe.
 35699 | Orc:2    | Bought a book of the Tempests for 910 gold pieces
 35701 | Orc:2    | Bought an encrusted scimitar for 216 gold pieces
 35701 | Orc:2    | Bought a shimmering scimitar for 216 gold pieces
 35730 | Orc:2    | Identified the +8 scimitar of the Heavens {freeze, rElec} (You bought it in a shop on level 2 of the Orcish Mines)
 35733 | Orc:2    | Identified the +9 scimitar of the Badger {slice, Dex+4} (You bought it in a shop on level 2 of the Orcish Mines)
 35940 | Orc:1    | Reached skill level 1 in Long Blades
 37097 | Spider:1 | Entered Level 1 of the Spider Nest
 38319 | Shoals:1 | Entered Level 1 of the Shoals
 39450 | Shoals:1 | HP: 5/138 [tentacle[a kraken] (9)]
 39450 | Shoals:1 | Demolished by a tentacle

Skill      XL: |  1  2  3  4  5  6  7  8  9 10 11 12 13 14 15 16 17 |
---------------+----------------------------------------------------+-----
Spellcasting   | 2 3 4 5 6 7 8 9 10 11 | 11.9
Conjurations   | 1 2 3 4 5 6 7 10 11 12 13 | 13.0
Air Magic      | 3 4 5 7 9 10 11 12 14 15 | 15.3
Fighting       | 5 9 |  9.5
Ice Magic      | 11 12 | 12.5
Dodging        | 5 |  5.4
Shields        | 4 |  4.4
Armour         | 1 3 |  3.3
Long Blades    | 4 |  4.0
Stealth        | |  1.7

Action                   |  1- 3 |  4- 6 |  7- 9 | 10-12 | 13-15 | 16-18 || total
-------------------------+-------+-------+-------+-------+-------+-------++-------
Melee: Short sword       |    17 |     8 |       |       |       |       ||    25
       Dagger            |       |    19 |    31 |    46 |       |       ||    96
       Peck              |       |       |     6 |    22 |    42 |    48 ||   118
       Halberd           |       |       |       |    54 |   218 |    29 ||   301
       Double sword      |       |       |       |       |       |    67 ||    67
       Long sword        |       |       |       |       |       |    56 ||    56
       Scimitar          |       |       |       |       |       |    27 ||    27
 Cast: Shock             |    68 |   168 |   184 |   104 |     2 |    10 ||   536
       Static Discharge  |       |     3 |    24 |    29 |    49 |    44 ||   149
       Airstrike         |       |       |    56 |   311 |   249 |   353 ||   969
       Lightning Bolt    |       |       |       |    26 |    87 |   127 ||   240
       Shroud of Golubri |       |       |       |     1 |       |       ||     1
       Freezing Cloud    |       |       |       |       |     9 |    40 ||    49
  Use: Scroll            |       |     5 |     8 |    17 |     8 |     3 ||    41
       Potion            |       |     4 |     1 |     4 |     2 |     4 ||    15
 Stab: Sleeping          |     1 |     1 |     1 |       |     2 |       ||     5
       Distracted        |       |       |       |       |     2 |       ||     2
  Eat: Chunk             |     2 |     7 |    15 |    31 |    22 |    15 ||    92
       Royal jelly       |       |       |     1 |     1 |     3 |     1 ||     6
       Fruit             |       |       |       |     1 |       |       ||     1
       Meat ration       |       |       |       |       |     2 |     6 ||     8
       Bread ration      |       |       |       |       |       |     1 ||     1
Armor: Robe              |    13 |    14 |    48 |       |       |       ||    75
       Ring mail         |       |       |    16 |    93 |   170 |   200 ||   479
       Steam dragon scal |       |       |       |     9 |    20 |       ||    29
Dodge: Dodged            |    32 |    29 |    83 |   105 |   215 |   264 ||   728
Block: Buckler           |       |       |       |       |       |   114 ||   114
       Reflection        |       |       |       |       |       |     8 ||     8
       Rpst.: Double sword |       |       |       |       |       |    17 ||    17
       Scimitar          |       |       |       |       |       |    18 ||    18
       Long sword        |       |       |       |       |       |    10 ||    10
